 Dungeon Crawl Stone Soup version 0.24-a0-574-g7d3d5a4 (webtiles) character file.

Game seed: 4801686654857634408

4247 pichaelthompson the Magician (level 10, -1/75 (77) HPs)
             Began as a Gnoll Skald on Aug 19, 2019.
             Was a Follower of Ashenzari.
             Slain by a yak (12 damage)
             ... on level 9 of the Dungeon on Aug 20, 2019.
             The game lasted 00:29:04 (12228 turns).

pichaelthompson the Magician (Gnoll Skald)         Turns: 12228, Time: 00:29:04

HP:   -1/75 (77)    AC: 11    Str: 14    XL:     10   Next: 31%
MP:   16/20         EV: 13    Int: 15    God:    Ashenzari [*.....]
Gold: 547           SH:  0    Dex: 18    Spells: 10/23 levels left

rFire    + . .     SeeInvis .   K - +7 mace "Dosuhoh" {venom, rC+} (curse)
rCold    + + .     Gourm    +   (no shield)
rNeg     . . .     Faith    .   C - +1 scale mail {rF+} (curse)
rPois    .         Spirit   .   (no helmet)
rElec    .         Reflect  .   I - +0 cloak
rCorr    +         Harm     .   (no gloves)
MR       .....                  f - +0 pair of boots (curse)
Stlth    ++........             r - amulet of the gourmand
HPRegen  1.22/turn              q - ring of protection from cold (curse)
MPRegen  0.17/turn              h - ring of resist corrosion

@: regenerating
A: distributed training, fangs 1, strong nose
a: Curse Item, Scrying, Renounce Religion


You were on level 9 of the Dungeon.
You worshipped Ashenzari.
Ashenzari was aware of your devotion.
You were very full.

You visited 2 branches of the dungeon, and saw 10 of its levels.
You also visited: Ossuary.

You collected 547 gold pieces.

Inventory:

Hand Weapons
 K - the cursed +7 mace "Dosuhoh" (weapon) {venom, rC+}
   (You found it on level 7 of the Dungeon)

   It poisons the flesh of those it strikes.
   It protects you from cold.
   It has a curse placed upon it.
Missiles
 g - 3 curare-tipped darts
 w - 11 boomerangs (quivered)
 J - 11 poisoned darts
Armour
 f - a cursed +0 pair of boots (worn)
 C - a cursed +1 scale mail of fire resistance (worn)
 I - a +0 cloak (worn)
Jewellery
 h - a ring of resist corrosion (right hand)
 q - a cursed ring of protection from cold (left hand)
 r - an amulet of the gourmand (around neck)
Wands
 B - a wand of iceblast (9)
Scrolls
 b - 6 scrolls of remove curse
 c - 2 scrolls of fear
 i - a scroll of fog {unknown}
 j - 2 scrolls of enchant weapon {unknown}
 n - a scroll of teleportation {unknown}
 p - 5 scrolls of amnesia {unknown}
 x - 3 scrolls of identify
 y - a scroll of magic mapping {unknown}
 z - 2 scrolls of blinking {unknown}
 D - 2 scrolls of immolation {unknown}
 E - a scroll of enchant armour {unknown}
Potions
 e - a potion of berserk rage
 k - a potion of ambrosia
 l - 3 potions of haste
 m - a potion of resistance
 o - 2 potions of agility
 s - a potion of curing
 t - 5 potions of lignification
 u - a potion of might {unknown}
 v - 2 potions of heal wounds
 A - 2 potions of cancellation {unknown}
Comestibles
 a - 2 chunks of flesh
 d - 15 rations


   Skills:
 + Level 6.9 Fighting
 + Level 5.0 Short Blades
 + Level 5.0 Long Blades
 + Level 5.0 Axes
 + Level 5.0 Maces & Flails
 + Level 6.9 Polearms
 + Level 5.0 Staves
 + Level 5.0 Slings
 + Level 5.0 Bows
 + Level 5.0 Crossbows
 + Level 5.0 Throwing
 + Level 5.7 Armour
 + Level 6.9 Dodging
 + Level 5.0 Stealth
 + Level 5.0 Shields
 + Level 5.0 Unarmed Combat
 + Level 7.2 Spellcasting
 + Level 4.2 Conjurations
 + Level 4.2 Hexes
 + Level 7.0 Charms
 + Level 4.2 Summonings
 + Level 4.2 Necromancy
 + Level 4.2 Translocations
 + Level 4.2 Transmutations
 + Level 4.2 Fire Magic
 + Level 4.2 Ice Magic
 + Level 4.2 Air Magic
 + Level 4.2 Earth Magic
 + Level 4.2 Poison Magic
 + Level 5.5 Invocations
 + Level 5.0 Evocations


You had 10 spell levels left.
You knew the following spells:

 Your Spells              Type           Power        Failure   Level  Hunger
a - Infusion              Chrm           ####         2%          1    None
b - Spectral Weapon       Hex/Chrm       ###.....     14%         3    ##.....
c - Regeneration          Chrm/Necr      ###.......   14%         3    ##.....
d - Confuse               Hex            ###.....     26%         3    ##.....
e - Vampiric Draining     Necr           ###.......   26%         3    ##.....

Your spell library contained the following spells:

 Spells                   Type           Power        Failure   Level  Hunger
 Song of Slaying          Chrm           ####....     4%          2    None
 Shroud of Golubria       Chrm/Tloc      ###...       8%          2    None
 Animate Skeleton         Necr           N/A          9%          1    None
 Confusing Touch          Hex            ###...       9%          1    None
 Magic Dart               Conj           ###.         9%          1    None
 Pain                     Necr           ###.         9%          1    None
 Blink                    Tloc           N/A          13%         2    None
 Call Imp                 Summ           ###.....     13%         2    None
 Slow                     Hex            ###.....     13%         2    None
 Conjure Flame            Conj/Fire      ###.....     26%         3    ##.....
 Gell's Gravitas          Tloc           ###.......   26%         3    ##.....
 Mephitic Cloud           Conj/Pois/Air  ###.....     26%         3    ##.....
 Animate Dead             Necr           N/A          63%         4    ####...
 Petrify                  Tmut/Erth      ###.....     63%         4    ####...
 Metabolic Englaciation   Hex/Ice        ###.......   93%         5    #####..
 Yara's Violent Unravell  Hex/Tmut       ###.......   93%         5    #####..


Dungeon Overview and Level Annotations

Branches:
Dungeon (9/15)             Temple (1/1) D:6
   Lair: D:8-11         Orc: D:9-12

Altars:
Ashenzari
Cheibriados
Dithmenos
Elyvilon
Fedhas
Gozag
Hepliaklqana
Kikubaaqudgha
Makhleb
Nemelex Xobeh
Okawaru
Qazlal
Ru
Sif Muna
Trog
Uskayaw
Vehumet
Wu Jian
Xom
Yredelemnul
Zin
The Shining One

Shops:
D:5 =   D:9 !*


Innate Abilities, Weirdness & Mutations

Your experience applies equally to all skills.
You have very sharp teeth.
Your uncanny sense of smell can sniff out nearby items.


Message History

The yak is heavily wounded.
Your skin stops crawling.
The yak closely misses you.
You hit the yak but do no damage.
The yak looks as sick as possible!
You bite the yak, but do no damage.
The yak is heavily wounded.
The yak gores you but does no damage.
You thump the yak!
The yak looks as sick as possible!
The yak is almost dead.
The yak barely misses you.
You hit the yak.
You kill the yak!
Your Charms skill increases to level 7!
Casting: Regeneration (safe; 14% risk of failure)
Confirm with . or Enter, or press ? or * to list all spells.
Your skin crawls.
The yak barely misses you.
You barely miss the yak. The yak gores you.
* * * LOW HITPOINT WARNING * * *
You barely miss the yak. You bite the yak, but do no damage. The yak gores you!
You die...

#..# . #..# . ∆
#..########. #.......>...
##+#...........
#.....######.†. ∆
#.....#....#...
###########.....#....'...
.......<@Y......#....#...
........#####...#....#...
..... ........#
#...#....#... ....#
##......# #...#....##..
....# #......#
#...#.....#.. ....#
#......# #...#.....#..
....+ +......#
#...#...>.#..
....######......#
#...#.....'..
................#
#...+.....#..


You could see a yak.

Vanquished Creatures
  Joseph (D:8)
  A hippogriff (D:7)
  3 yaks (D:9)
  A hungry ghost (D:7)
  Duvessa (D:7)
  An orc warrior (D:7)
  A sky beast (D:7)
  6 ogres
  2 necrophages
  An ice beast (D:8)
  A centaur (D:8)
  4 big kobolds
  A bullfrog (D:7)
  3 water moccasin zombies (Ossuary)
  2 scorpions
  A wyvern skeleton (D:8)
  Dowan (D:7)
  3 killer bees (D:9)
  A howler monkey (D:8)
  2 crimson imps
  A quasit (D:9)
  A bullfrog zombie (D:7)
  A hound (D:7)
  A jelly (D:6)
  3 bullfrog skeletons (D:7)
  3 orc priests
  5 orc wizards
  Crazy Yiuf (D:7)
  A centaur skeleton (D:4)
  An iguana (D:7)
  5 worker ants
  2 killer bee zombies
  6 big kobold zombies (Ossuary)
  2 mummies (Ossuary)
  A worker ant zombie (D:7)
  8 adders
  4 gnolls (D:8)
  An ooze (D:1)
  8 adder zombies
  An adder skeleton (D:6)
  7 worms
  2 dart slugs (D:2)
  6 leopard geckos
  28 orcs
  2 ball pythons (D:1)
  4 bats
  7 giant cockroaches
  7 goblins
  10 hobgoblins
  7 jackals
  24 kobolds
  4 quokkas
  8 frilled lizards
  A gnoll zombie (Ossuary)
  4 hobgoblin zombies (Ossuary)
  2 kobold zombies (Ossuary)
  A leopard gecko skeleton (D:7)
  5 orc zombies (Ossuary)
  11 rats
  A spectral orc (D:3)
234 creatures vanquished.

Vanquished Creatures (others)
  A spectral weapon (D:6)
1 creature vanquished.

Grand Total: 235 creatures vanquished

Notes
Turn   | Place    | Note
-------+----------+-------------------------------------------
     0 | D:1      | pichaelthompson the Gnoll Skald began the quest for the
                  | Orb.
     0 | D:1      | Reached XP level 1. HP: 20/20 MP: 6/6
   119 | D:1      | Reached XP level 2. HP: 23/26 MP: 7/7
   427 | D:1      | Reached XP level 3. HP: 31/31 MP: 9/9
   634 | D:1      | Reached skill level 5 in Spellcasting
   914 | D:1      | Learned a level 3 spell: Spectral Weapon
   918 | D:1      | Learned a level 3 spell: Regeneration
   953 | D:1      | Reached skill level 1 in Invocations
  1404 | D:2      | Found a burning altar of Makhleb.
  1423 | D:2      | Reached skill level 1 in Short Blades
  1423 | D:2      | Reached skill level 1 in Long Blades
  1423 | D:2      | Reached skill level 1 in Axes
  1423 | D:2      | Reached skill level 1 in Maces & Flails
  1423 | D:2      | Reached skill level 1 in Staves
  1423 | D:2      | Reached skill level 1 in Slings
  1423 | D:2      | Reached skill level 1 in Bows
  1423 | D:2      | Reached skill level 1 in Crossbows
  1423 | D:2      | Reached skill level 1 in Throwing
  1423 | D:2      | Reached skill level 1 in Stealth
  1423 | D:2      | Reached skill level 1 in Shields
  1423 | D:2      | Reached skill level 1 in Unarmed Combat
  1423 | D:2      | Reached skill level 1 in Evocations
  1456 | D:2      | Reached XP level 4. HP: 31/38 MP: 11/11
  2140 | D:2      | Found a glowing silver altar of Zin.
  2140 | D:2      | Noticed an angel
  2141 | D:2      | Noticed a green death
  2463 | D:2      | Found a blossoming altar of Fedhas.
  2619 | D:2      | Reached skill level 1 in Conjurations
  2619 | D:2      | Reached skill level 1 in Hexes
  2619 | D:2      | Reached skill level 1 in Summonings
  2619 | D:2      | Reached skill level 1 in Necromancy
  2619 | D:2      | Reached skill level 1 in Translocations
  2619 | D:2      | Reached skill level 1 in Transmutations
  2619 | D:2      | Reached skill level 1 in Fire Magic
  2619 | D:2      | Reached skill level 1 in Ice Magic
  2619 | D:2      | Reached skill level 1 in Air Magic
  2619 | D:2      | Reached skill level 1 in Earth Magic
  2619 | D:2      | Reached skill level 1 in Poison Magic
  3013 | D:3      | Learned a level 3 spell: Confuse
  3076 | D:3      | Reached XP level 5. HP: 43/43 MP: 12/12
  3166 | D:3      | Found an opulent altar of Gozag.
  3290 | D:3      | Found a basalt altar of Yredelemnul.
  3635 | D:4      | Noticed an ogre
  3676 | D:4      | Killed an ogre
  3676 | D:4      | Reached XP level 6. HP: 40/50 MP: 5/13
  3827 | D:4      | Reached skill level 5 in Fighting
  3827 | D:4      | Reached skill level 5 in Polearms
  3827 | D:4      | Reached skill level 5 in Dodging
  4380 | D:4      | Reached XP level 7. HP: 31/56 MP: 9/15
  5079 | D:5      | Entered Level 5 of the Dungeon
  5500 | D:5      | Found Guawiata's Jewellery Shoppe.
  5657 | D:6      | Found a staircase to the Ecumenical Temple.
  6225 | D:5      | HP: 1/56 [orc priest/divine providence (11)]
  6430 | Temple   | Entered the Ecumenical Temple
  6472 | Temple   | Became a worshipper of Ashenzari the Shackled
  8386 | D:7      | Noticed Dowan
  8414 | D:7      | Reached XP level 8. HP: 31/63 MP: 10/16
  8425 | D:7      | Killed Dowan
  8496 | D:7      | Noticed Duvessa
  8529 | D:7      | Noticed a hippogriff
  8530 | D:7      | Killed Duvessa
  8545 | D:7      | Found a sand-covered staircase.
  8545 | D:7      | Reached * piety under Ashenzari
  8550 | Ossuary  | Entered an ossuary
  9599 | D:7      | Killed a hippogriff
  9599 | D:7      | Reached XP level 9. HP: 53/69 MP: 15/18
 10105 | D:7      | Learned a level 3 spell: Vampiric Draining
 10400 | D:7      | Reached skill level 5 in Armour
 10581 | D:7      | Found a runed translucent door.
 10582 | D:7      | Identified the +7 mace "Dosuhoh" {venom, rC+}
 10582 | D:7      | Noticed Crazy Yiuf
 10592 | D:7      | Killed Crazy Yiuf
 10671 | D:7      | Upgraded the game from 0.24-a0-549-g45f0056 to
                  | 0.24-a0-574-g7d3d5a4
 10700 | D:8      | Noticed Joseph
 10718 | D:8      | Killed Joseph
 11044 | D:8      | Reached skill level 5 in Invocations
 11325 | D:8      | Reached XP level 10. HP: 77/77 MP: 20/20
 11482 | D:8      | Found a snail-covered altar of Cheibriados.
 11553 | D:8      | Found an iron altar of Okawaru.
 12052 | D:9      | Found Bavvewn's Distillery.
 12197 | D:9      | Reached skill level 5 in Short Blades
 12197 | D:9      | Reached skill level 5 in Long Blades
 12197 | D:9      | Reached skill level 5 in Axes
 12197 | D:9      | Reached skill level 5 in Maces & Flails
 12197 | D:9      | Reached skill level 5 in Staves
 12197 | D:9      | Reached skill level 5 in Slings
 12197 | D:9      | Reached skill level 5 in Bows
 12197 | D:9      | Reached skill level 5 in Crossbows
 12197 | D:9      | Reached skill level 5 in Throwing
 12197 | D:9      | Reached skill level 5 in Stealth
 12197 | D:9      | Reached skill level 5 in Shields
 12197 | D:9      | Reached skill level 5 in Unarmed Combat
 12197 | D:9      | Reached skill level 5 in Evocations
 12205 | D:9      | Found Cihiceong's Assorted Antiques.
 12228 | D:9      | Slain by a yak

Levels and vault maps discovered:
D:1:      dpeg_arrival_prison, layout_basic, chequers_arboretum, minmay_cupped
D:2:      layout_basic, fedhas_altar_fruit_tree,
          grunt_temple_overflow_order_and_chaos_2, first_ration, minivault_24
D:3:      layout_rooms, yredelemnul_forgotten_temple_becter,
          serial_bayou_pond_d, nicolae_gozag_cash_rules_everything_around_me
D:4:      layout_loops_corners, chequers_serial_rivers_large_a,
          serial_bayou_pond_d
D:5:      layout_cave_pools, serial_shops, nicolae_shop_waterfront
D:6:      layout_layer_cave, minmay_temple_entry_proselytizer
D:7:      layout_basic, enter_ossuary_2, uniq_duvessa, uniq_crazy_yiuf_cottage
D:8:      layout_basic, kennysheep_mini, slow_altar_1,
          minmay_increasing_density, uniq_joseph
D:9:      layout_irregular_city, serial_shops, shop, shop
Temple:   compressed_dpeg_circular_temple

Skill      XL: |  1  2  3  4  5  6  7  8  9 10 |
---------------+-------------------------------+-----
Spellcasting   | 5 6 7 |  7.2
Invocations    | 1 2 3 4 5 |  5.5
Short Blades   | 1 2 3 4 5 |  5.0
Long Blades    | 1 2 3 4 5 |  5.0
Axes           | 1 2 3 4 5 |  5.0
Maces & Flails | 1 2 3 4 5 |  5.0
Staves         | 1 2 3 4 5 |  5.0
Slings         | 1 2 3 4 5 |  5.0
Bows           | 1 2 3 4 5 |  5.0
Crossbows      | 1 2 3 4 5 |  5.0
Throwing       | 1 2 3 4 5 |  5.0
Stealth        | 1 2 3 4 5 |  5.0
Shields        | 1 2 3 4 5 |  5.0
Unarmed Combat | 1 2 3 4 5 |  5.0
Evocations     | 1 2 3 4 5 |  5.0
Conjurations   | 1 2 3 4 |  4.2
Hexes          | 1 2 3 4 |  4.2
Summonings     | 1 2 3 4 |  4.2
Necromancy     | 1 2 3 4 |  4.2
Translocations | 1 2 3 4 |  4.2
Transmutations | 1 2 3 4 |  4.2
Fire Magic     | 1 2 3 4 |  4.2
Ice Magic      | 1 2 3 4 |  4.2
Air Magic      | 1 2 3 4 |  4.2
Earth Magic    | 1 2 3 4 |  4.2
Poison Magic   | 1 2 3 4 |  4.2
Armour         | 3 4 5 |  5.7
Fighting       | 5 6 |  6.9
Polearms       | 5 6 |  6.9
Dodging        | 5 6 |  6.9
Charms         | 6 7 |  7.0

Action                   |  1- 3 |  4- 6 |  7- 9 | 10-12 || total
-------------------------+-------+-------+-------+-------++-------
Melee: Spear             |   158 |   236 |   656 |       ||  1050
       Bite              |    13 |    38 |   116 |     9 ||   176
       Punch             |       |       |     9 |     3 ||    12
       Mace              |       |       |    82 |    72 ||   154
Throw: Boomerang         |       |     5 |    43 |    26 ||    74
 Cast: Spectral Weapon   |       |     3 |    24 |       ||    27
       Regeneration      |       |     1 |     8 |     3 ||    12
Invok: Curse Item        |       |       |     6 |       ||     6
       Scrying           |       |       |     1 |       ||     1
  Use: Scroll            |       |       |    11 |       ||    11
       Potion            |       |       |     3 |       ||     3
 Stab: Sleeping          |     1 |     1 |     2 |     1 ||     5
       Distracted        |       |       |     4 |       ||     4
  Eat: Chunk             |     2 |    10 |    31 |     2 ||    45
       Ration            |       |       |     4 |       ||     4
Armor: Leather armour    |     6 |       |       |       ||     6
       Ring mail         |    25 |    45 |       |       ||    70
       Scale mail        |       |    10 |   260 |    39 ||   309
Dodge: Dodged            |    91 |   134 |   442 |    62 ||   729

Table legend:
 A = Non-vault XP
 B = Vault XP
 C = Vault XP percentage of total XP
 D = Non-vault monster count
 E = Vault monster count
 F = Vault count percentage of total count
                 A         B        C        D         E       F
            +---------+---------+-------+---------+---------+-------
      Total |    4680 |    1388 |  22.9 |     188 |      46 |  19.7
            +---------+---------+-------+---------+---------+-------
        D:1 |      53 |       8 |  13.1 |      28 |       5 |  15.2
        D:2 |      72 |       0 |   0.0 |      29 |       0 |   0.0
        D:3 |      74 |       1 |   1.3 |      20 |       1 |   4.8
        D:4 |     483 |       0 |   0.0 |      11 |       0 |   0.0
        D:5 |      94 |       0 |   0.0 |       8 |       0 |   0.0
        D:6 |     291 |       0 |   0.0 |      10 |       0 |   0.0
        D:7 |    1559 |     247 |  13.7 |      36 |       3 |   7.7
        D:8 |     851 |     642 |  43.0 |      29 |       7 |  19.4
        D:9 |    1203 |       0 |   0.0 |      17 |       0 |   0.0
    Ossuary |       0 |     490 | 100.0 |       0 |      30 | 100.0
            +---------+---------+-------+---------+---------+-------
